 Dungeon Crawl Stone Soup version 0.31-a0-667-g39726597b9 (webtiles) character file.

Game seed: 13415825761460192614

4552 jlumianski the Cleaver (level 10, -1/82 HPs)
             Began as a Gnoll Cinder Acolyte on Sept 3, 2023.
             Was an Elder of Ignis.
             Killed by the air
             ... invoked by Gastronok
              (21 damage)
             ... on level 8 of the Dungeon.
             The game lasted 00:41:12 (9936 turns).

jlumianski the Cleaver (Gnoll Cinder Acolyte)       Turns: 9936, Time: 00:41:12

Health: -1/82      AC:  6    Str: 13    XL:     10   Next: 40%
Magic:  14/19      EV: 14    Int: 17    God:    Ignis [****..]
Gold:   466        SH:  0    Dex: 17    Spells: 19/21 levels left

rFire   + + +        l - +2 war axe (elec)
rCold   . . .        (no shield)
rNeg    + . .        u - +1 robe of Geer {rF++ Dex+2 Stlth+}
rPois   .            (no helmet)
rElec   .            (no cloak)
rCorr   .            O - +2 pair of gloves
SInv    .            (no boots)
Will    .....        (no amulet)
Stlth   ++++         A - ring of positive energy
HPRegen 0.33/turn    C - +6 ring of dexterity
MPRegen 0.16/turn

%: no passive effects
@: no status effects
A: fangs 1, strong nose, distributed training
a: Renounce Religion, Fiery Armour, Foxfire Swarm, Rising Flame


You were on level 8 of the Dungeon.
You worshipped Ignis.
Ignis was greatly pleased with you.
You visited 2 branches of the dungeon, and saw 10 of its levels.
You also visited: Sewer.

You collected 466 gold pieces.

Inventory:

Hand Weapons
 a - a -1 hand axe of flaming
 g - a +1 vampiric hand axe
 l - a +2 war axe of electrocution (weapon)
 x - a +0 heavy hand axe
 G - a +0 whip of freezing
 I - a +2 mace of protection
 J - a +0 heavy long sword
 P - the +6 short sword of the Keeping Saviour {flame, rPois rF+ Int+4}
   (You took it off an orc on level 6 of the Dungeon)

   Int+4:     It affects your intelligence (+4).
   rF+:       It protects you from fire.
   rPois:     It protects you from poison
Missiles
 c - 2 throwing nets
 h - 69 stones
 q - 12 boomerangs
 r - 5 atropa-tipped darts
 z - 6 poisoned darts (quivered)
Armour
 b - a +0 robe
 p - a +0 pair of gloves
 u - the +1 robe of Geer (worn) {rF++ Dex+2 Stlth+}
   (You found it on level 3 of the Dungeon)

   Dex+2:     It affects your dexterity (+2).
   rF++:      It greatly protects you from fire.
   Stlth+:    It makes you more stealthy.
 F - a +2 buckler
 K - +0 steam dragon scales
 O - a +2 pair of gloves (worn)
Magical Staves
 n - a staff of earth
Jewellery
 t - an amulet of faith
 A - a ring of positive energy (left hand)
 C - a +6 ring of dexterity (right hand)
Talismans
 Q - a beast talisman
Wands
 f - a wand of iceblast (8)
 j - a wand of polymorph (1)
 s - a wand of flame (8)
 w - a wand of acid (2)
 H - a wand of paralysis (7)
 R - a wand of mindburst (12)
Scrolls
 d - a scroll of summoning
 i - a scroll of enchant armour {unknown}
 k - 3 scrolls of teleportation
 v - 3 scrolls of revelation
 y - a scroll of vulnerability {unknown}
 D - 5 scrolls of poison
 L - a scroll of torment {unknown}
 M - a scroll of amnesia {unknown}
 N - a scroll of fear {unknown}
 T - a scroll of immolation {unknown}
 V - a scroll of blinking
Potions
 e - a potion of might {unknown}
 m - a potion of lignification
 o - a potion of cancellation
 B - a potion of magic
 E - a potion of degeneration
 S - a potion of haste {unknown}
 U - 2 potions of attraction {unknown}


   Skills:
 + Level 8.5 Fighting
 + Level 5.3 Short Blades
 + Level 5.3 Long Blades
 + Level 8.5 Axes
 + Level 5.3 Maces & Flails
 + Level 5.3 Polearms
 + Level 5.3 Staves
 + Level 5.3 Ranged Weapons
 + Level 5.3 Throwing
 + Level 5.3 Armour
 + Level 5.3 Dodging
 + Level 5.3 Stealth
 + Level 5.3 Shields
 + Level 5.3 Unarmed Combat
 + Level 6.1 Spellcasting
 + Level 4.4 Conjurations
 + Level 4.4 Hexes
 + Level 4.4 Summonings
 + Level 4.4 Necromancy
 + Level 4.4 Translocations
 + Level 4.4 Transmutations
 + Level 7.1 Fire Magic
 + Level 4.4 Ice Magic
 + Level 4.4 Air Magic
 + Level 4.4 Earth Magic
 + Level 4.4 Poison Magic
 + Level 5.9 Invocations
 + Level 5.3 Evocations
 + Level 4.8 Shapeshifting


You had 19 spell levels left.
You knew the following spells:

 Your Spells              Type           Power      Damage    Failure   Level
a - Scorch                Fire           58%        2d7       1%          2

Your spell library contained the following spells:

 Spells                   Type           Power      Damage    Failure   Level
 Leda's Liquefaction      Hex/Erth       10%        N/A       21%         4
 Lee's Rapid Deconstruct  Erth           10%        3d8*      50%         5
 Leda's Unmaking          Conj/Erth      10%        9d2       97%         6


Dungeon Overview and Level Annotations

Branches:
Dungeon (9/15)             Temple (1/1) D:6           Sewer (visited)
   Lair: D:8-11         Orc: D:9-12

Altars:
Ashenzari
Cheibriados
Elyvilon
Fedhas
Gozag
Hepliaklqana
Kikubaaqudgha
Makhleb
Nemelex Xobeh
Okawaru
Qazlal
Ru
Sif Muna
Trog
Uskayaw
Vehumet
Wu Jian
Xom
Yredelemnul
Zin
The Shining One

Annotations:
D:7 3 runed translucent doors
D:8 Gastronok
Temple 2 transporters


Innate Abilities, Weirdness & Mutations

You have very sharp teeth.
Your uncanny sense of smell can sniff out nearby items.
Your experience applies equally to all skills.


Message History

Casting: Scorch (safe; 1% risk of failure)
Confirm with . or Enter, or press ? or * to list all spells.
Flames lash Gastronok.
Gastronok is moderately wounded.
Gastronok's fire resistance burns away.
You wobble.
Casting: Scorch (safe; 1% risk of failure)
Confirm with . or Enter, or press ? or * to list all spells.
Flames lash Gastronok.
Gastronok is burned terribly!
Gastronok is heavily wounded.
Casting: Scorch (safe; 1% risk of failure)
Confirm with . or Enter, or press ? or * to list all spells.
Flames lash Gastronok.
Gastronok is burned terribly!
Gastronok is heavily wounded.
Gastronok bites you!!
Aiming: Corrosive Bolt
Press: ? - help, Shift-Dir - straight line, f/p - Gastronok
Aim: Gastronok, wearing a +1 hat of stealth (heavily wounded, covering ground quickly, more vulnerable to fire, 100% to hit)
The bolt of acid hits Gastronok!
The acid corrodes Gastronok!
Gastronok is heavily wounded.
Gastronok waves his eye-stalks in wide circles.
The air twists around and strikes you!
* * * LOW HITPOINT WARNING * * *
Aiming: Iceblast
Press: ? - help, Shift-Dir - straight line, f/p - Gastronok
Aim: Gastronok, wearing a +1 hat of stealth (heavily wounded, covering ground quickly, more vulnerable to fire, covered in acid)
The mass of ice explodes!
The iceblast engulfs Gastronok!
Gastronok is severely wounded.
The iceblast engulfs the rat!!
You kill the rat!
The rat's corpse disappears in a puff of smoke!
Aiming: Iceblast
Press: ? - help, Shift-Dir - straight line, f/p - Gastronok
Aim: Gastronok, wearing a +1 hat of stealth (severely wounded, covering ground quickly, more vulnerable to fire, covered in acid)
The mass of ice explodes!
The iceblast engulfs Gastronok!
Gastronok is severely wounded.
Gastronok waves his eye-stalks in wide circles.
The air twists around and strikes you!!
You die...
Gastronok gurgles, "About time.
I'm starving!"

#### ### ##w#.
..####### # ##.#..
#.##.... .#
##.###.######.##..###.#
#.## ##§...##.##.......
##b###.###..........#.#
##.#.w# ####.##......#
##.#.# #.###.#####
#.#@######.# #.#
#.#<.......# #†#
#.############'## #.#
#......#...## #.####.##
#......##
#.......###.......##
###................#
....................'
####...#.##.........#


You could see Gastronok (swift, combustible, corroded).

Vanquished Creatures
  2 cyclopes (D:6)
  Maggie (D:5)
  Grinder (D:4)
  A steam dragon (D:5)
  4 water moccasins
  2 sky beasts
  3 black bears
  An orc warrior (D:8)
  2 ice beasts (D:7)
  An ogre (D:6)
  2 centaurs
  A phantom (D:5)
  4 bullfrogs
  A gnoll sergeant (D:5)
  5 scorpions
  4 killer bees
  A howler monkey (D:6)
  4 hounds
  2 gnoll boudas (D:5)
  5 orc priests
  5 orc wizards
  3 iguanas
  13 gnolls
  6 adders
  A shadow imp (D:5)
  2 white imps
  3 worms
  3 dart slugs
  26 orcs
  3 bats
  12 endoplasms
  15 giant cockroaches
  6 goblins
  5 hobgoblins
  5 jackals
  10 kobolds
  14 quokkas
  10 ball pythons
  9 frilled lizards
  6 rats
204 creatures vanquished.

Vanquished Creatures (others)
  36 foxfires (D:6)
36 creatures vanquished.

Grand Total: 240 creatures vanquished

Notes
Turn   | Place    | Note
-------+----------+-------------------------------------------
     0 | D:1      | jlumianski the Gnoll Cinder Acolyte began the quest for the
                  | Orb.
     0 | D:1      | Reached XP level 1. HP: 23/23 MP: 4/4
   100 | D:1      | Reached XP level 2. HP: 22/29 MP: 5/5
   130 | D:1      | Learned a level 2 spell: Scorch
   537 | D:2      | Reached XP level 3. HP: 28/35 MP: 7/7
   748 | D:1      | Reached skill level 1 in Invocations
  1177 | D:2      | Reached skill level 1 in Short Blades
  1177 | D:2      | Reached skill level 1 in Long Blades
  1177 | D:2      | Reached skill level 1 in Maces & Flails
  1177 | D:2      | Reached skill level 1 in Polearms
  1177 | D:2      | Reached skill level 1 in Staves
  1177 | D:2      | Reached skill level 1 in Ranged Weapons
  1177 | D:2      | Reached skill level 1 in Throwing
  1177 | D:2      | Reached skill level 1 in Armour
  1177 | D:2      | Reached skill level 1 in Dodging
  1177 | D:2      | Reached skill level 1 in Stealth
  1177 | D:2      | Reached skill level 1 in Shields
  1177 | D:2      | Reached skill level 1 in Unarmed Combat
  1177 | D:2      | Reached skill level 1 in Evocations
  1334 | D:2      | Reached XP level 4. HP: 41/41 MP: 8/8
  1380 | D:2      | Reached skill level 1 in Shapeshifting
  1655 | D:2      | Reached skill level 1 in Conjurations
  1655 | D:2      | Reached skill level 1 in Hexes
  1655 | D:2      | Reached skill level 1 in Summonings
  1655 | D:2      | Reached skill level 1 in Necromancy
  1655 | D:2      | Reached skill level 1 in Translocations
  1655 | D:2      | Reached skill level 1 in Transmutations
  1655 | D:2      | Reached skill level 1 in Ice Magic
  1655 | D:2      | Reached skill level 1 in Air Magic
  1655 | D:2      | Reached skill level 1 in Earth Magic
  1655 | D:2      | Reached skill level 1 in Poison Magic
  1984 | D:2      | Reached XP level 5. HP: 32/47 MP: 9/9
  2181 | D:4      | Found a glowing drain.
  2204 | Sewer    | Entered a sewer
  2535 | Sewer    | Reached XP level 6. HP: 42/53 MP: 9/11
  2666 | D:3      | Identified the +1 robe of Geer {rF++ Dex+2 Stlth+}
  3087 | D:3      | Found an ancient bone altar of Kikubaaqudgha.
  3095 | D:3      | Found a basalt altar of Yredelemnul.
  3100 | D:3      | Found a sacrificial altar of Ru.
  3353 | D:3      | Reached XP level 7. HP: 58/59 MP: 9/12
  3887 | D:4      | Noticed Grinder
  3891 | D:4      | Paralysed by Grinder for 2 turns
  3895 | D:4      | Killed Grinder
  4293 | D:5      | Entered Level 5 of the Dungeon
  4451 | D:5      | Reached XP level 8. HP: 52/67 MP: 4/14
  5592 | D:5      | HP: 3/67 [black bear (3)]
  5874 | D:5      | HP: 3/67 [steam dragon (2)]
  6330 | D:5      | Reached XP level 9. HP: 66/73 MP: 11/16
  6356 | D:6      | Noticed Maggie
  6488 | D:5      | Killed Maggie
  6489 | D:5      | Reached skill level 5 in Spellcasting
  6657 | D:5      | HP: 1/74 [gnoll sergeant/+0 spear (9)]
  6827 | D:6      | Found a staircase to the Ecumenical Temple.
  6846 | Temple   | Found a transporter.
  6846 | Temple   | Found a transporter.
  6846 | Temple   | Found a transporter.
  6846 | Temple   | Found a transporter.
  6846 | Temple   | Entered the Ecumenical Temple
  7576 | D:6      | Identified the +6 short sword of the Keeping Saviour
                  | {flame, rPois rF+ Int+4}
  7578 | D:6      | Found a transporter.
  7594 | D:6      | Found a hide-covered altar of Uskayaw.
  7594 | D:6      | Found a transporter.
  7594 | D:6      | You fall into a shaft and drop 2 floors!
  7778 | D:8      | Reached skill level 5 in Invocations
  8546 | D:6      | Noticed a cyclops
  8558 | D:6      | Noticed a cyclops
  8658 | D:6      | Killed a cyclops
  8659 | D:6      | Reached skill level 5 in Short Blades
  8659 | D:6      | Reached skill level 5 in Long Blades
  8659 | D:6      | Reached skill level 5 in Maces & Flails
  8659 | D:6      | Reached skill level 5 in Polearms
  8659 | D:6      | Reached skill level 5 in Staves
  8659 | D:6      | Reached skill level 5 in Ranged Weapons
  8659 | D:6      | Reached skill level 5 in Throwing
  8659 | D:6      | Reached skill level 5 in Armour
  8659 | D:6      | Reached skill level 5 in Dodging
  8659 | D:6      | Reached skill level 5 in Stealth
  8659 | D:6      | Reached skill level 5 in Shields
  8659 | D:6      | Reached skill level 5 in Unarmed Combat
  8659 | D:6      | Reached skill level 5 in Evocations
  8659 | D:6      | Reached XP level 10. HP: 41/81 MP: 9/18
  8665 | D:6      | Killed a cyclops
  9315 | D:7      | Found a runed translucent gate.
  9315 | D:7      | Found a runed translucent gate.
  9315 | D:7      | Found a runed translucent gate.
  9315 | D:7      | Noticed a death yak
  9316 | D:7      | Noticed a death yak
  9316 | D:7      | Noticed a death yak
  9316 | D:7      | Noticed a manticore
  9645 | D:8      | Noticed Gastronok
  9936 | D:8      | Killed from afar by Gastronok

Illustrated notes

Levels and vault maps discovered:
D:1:      saegor_arrival_under_anarchy, layout_basic, reono_crystal_passage
D:2:      layout_rooms, chequers_serial_rivers_micro_d,
          minmay_misc_feat_nine_boxes, minmay_door_square,
          hangedman_abyss_or_decor_stabs
D:3:      layout_loops_ring, grunt_temple_overflow_diamond, minmay_statues_item
D:4:      layout_loops_cross, cheibrodos_sewer_entry_drain, uniq_grinder
D:5:      layout_basic, nrook_uturn
D:6:      layout_rooms, gammafunk_temple_overflow_arena,
          minmay_temple_entry_junction, nicolae_grassy_gnolls, uniq_maggie
D:7:      lemuel_bear_cage, layout_gridville, kennysheep_generic_room_14
D:8:      layout_loops_corners, chequers_serial_rivers_marsh, uniq_gastronok
D:9:      layout_loops_ring, lair_entry_dummy, gammafunk_ghost_split,
          serial_shops, shop
Temple:   hellmonk_temple_divided_pantheon

Skill      XL: |  1  2  3  4  5  6  7  8  9 10 |
---------------+-------------------------------+-----
Invocations    | 1 2 3 4 5 |  5.9
Short Blades   | 1 2 3 5 |  5.3
Long Blades    | 1 2 3 5 |  5.3
Maces & Flails | 1 2 3 5 |  5.3
Polearms       | 1 2 3 5 |  5.3
Staves         | 1 2 3 5 |  5.3
Ranged Weapons | 1 2 3 5 |  5.3
Throwing       | 1 2 3 5 |  5.3
Armour         | 1 2 3 5 |  5.3
Dodging        | 1 2 3 5 |  5.3
Stealth        | 1 2 3 5 |  5.3
Shields        | 1 2 3 5 |  5.3
Unarmed Combat | 1 2 3 5 |  5.3
Evocations     | 1 2 3 5 |  5.3
Shapeshifting  | 1 2 3 4 |  4.8
Spellcasting   | 3 4 5 6 |  6.1
Conjurations   | 1 2 3 4 |  4.4
Hexes          | 1 2 3 4 |  4.4
Summonings     | 1 2 3 4 |  4.4
Necromancy     | 1 2 3 4 |  4.4
Translocations | 1 2 3 4 |  4.4
Transmutations | 1 2 3 4 |  4.4
Ice Magic      | 1 2 3 4 |  4.4
Air Magic      | 1 2 3 4 |  4.4
Earth Magic    | 1 2 3 4 |  4.4
Poison Magic   | 1 2 3 4 |  4.4
Fighting       | 7 8 |  8.5
Axes           | 7 8 |  8.5
Fire Magic     | 6 7 |  7.1

Action                     |  1- 3 |  4- 6 |  7- 9 | 10-12 || total
---------------------------+-------+-------+-------+-------++-------
  Melee: Hand axe          |   100 |   203 |   179 |       ||   482
         Bite              |     4 |    13 |    31 |     8 ||    56
         Punch             |     2 |     2 |     9 |     1 ||    14
         War axe           |       |       |    83 |    62 ||   145
   Cast: Scorch            |     7 |    14 |    85 |    16 ||   122
 Invoke: Foxfire Swarm     |       |       |     2 |       ||     2
         Fiery Armour      |       |       |     1 |       ||     1
  Evoke: Wand              |       |       |     1 |     5 ||     6
    Use: Scroll            |       |     1 |     9 |     1 ||    11
         Potion            |       |       |     5 |     2 ||     7
   Stab: Sleeping          |       |     2 |     6 |       ||     8
         Distracted        |       |       |     1 |       ||     1
 Armour: Robe              |    52 |   161 |   294 |    64 ||   571
  Dodge: Dodged            |    69 |   158 |   287 |    65 ||   579

Table legend: (Time is in decaauts)
 A = Elapsed time spent in this place.
 B = Non-inter-level travel time spent in this place.
 C = Inter-level travel time spent in this place.
 D = Time resting spent in this place.
 E = Time spent auto-exploring this place.
 F = Levels seen in this place.
 G = Mean time per level.
                   A        B        C        D        E       F      G
               +--------+--------+--------+--------+--------+-----+--------+
         Total |  10058 |   9954 |    104 |   2514 |   3911 |  11 |  914.4 |
       Dungeon |   9494 |   9390 |    104 |   2476 |   3867 |   9 | 1054.9 |
        Temple |     52 |     52 |      0 |      0 |      0 |   1 |   52.0 |
         Sewer |    512 |    512 |      0 |     38 |     44 |   1 |  512.0 |
               +--------+--------+--------+--------+--------+-----+--------+

Top non-repeatable levels by time:
     D:5: 2378 daAuts
     D:6: 1688 daAuts
     D:2: 1073 daAuts
     D:1: 956 daAuts
     D:3: 940 daAuts
     D:4: 934 daAuts
     D:7: 775 daAuts
     D:8: 734 daAuts
   Sewer: 512 daAuts
  Temple: 52 daAuts
     D:9: 12 daAuts
